[Event "*** SCC Grand Prix: Titled Tuesday Blitz"]
[Site "Chess.com"]
[Date "2020.08.04"]
[Round "5"]
[White "Zubrrr"]
[Black "mortngabriel"]
[Result "1-0"]
[WhiteElo "2638"]
[BlackElo "2429"]
[TimeControl "180+1"]
[EndTime "14:41:57 PDT"]
[Termination "Zubrrr won by resignation"]

1. c4 Nf6 2. g3 e5 3. Bg2 d5 4. cxd5 Nxd5 5. Nc3 Nb6 6. Nf3 Nc6 7. O-O Be7 8. a3 a5 9. d3 O-O 10. Be3 Be6 11. Rc1 Nd5 12. Nxd5 Bxd5 13. Qa4 Re8 14. Rc2 Bf6 15. Nd2 Bxg2 16. Kxg2 Nd4 17. Bxd4 exd4 18. Nf3 c6 19. Qb3 Qd7 20. Re1 Re7 21. Nd2 Qe6 22. Qxe6 Rxe6 23. Nb3 b6 24. Rec1 c5 25. a4 Rae8 26.
Kf1 Bd8 27. Re1 Bc7 28. Nd2 h5 29. Nf3 g6 30. Nxd4 Rf6 31. Nb5 Be5 32. Kg2 h4 33. b3 hxg3 34. hxg3 Kg7 35. e3 Rd8 36.
Rd1 Re6 37. d4 cxd4 38. exd4 Bb8 39. d5 Re5 40. d6 Rc5 41. Rxc5 bxc5 42. Rd5 Kf6 43.
Rxc5 Bxd6 44. Rc6 Ke5 45. Ra6 Bb4 46. Na7 Ke4 47. Nc6 Rd3 48. Nxa5 Bxa5 49. Rxa5 Rxb3 50.
Ra7 Ra3 51. Rxf7 g5 52. Ra7 g4 53. Rf7 Ke5 54. Rf4 Kd5 55. Rxg4 Ke5 56. Rf4 Ra2 57. Kh3 Ra3 58. Kg4 Ra2 59. a5 Ra1 60. Rf5+ Ke6 61. Kg5 Rg1 62. g4 Rf1 63. a6 Ra1 64. Rf6+ Ke7 65. Kg6 Ra5 66. g5 Ra4 67. a7 Ke8 68.
Rf7 Ra6+ 69. Kg7 Kd8 70. a8=Q+ Rxa8 71. Rf8+ 1-0

[Event "*** SCC Grand Prix: Titled Tuesday Blitz"]
[Site "Chess.com"]
[Date "2020.08.04"]
[Round "5"]
[White "spicycaterpillar"]
[Black "AvitalBor"]
[Result "1-0"]
[WhiteElo "2996"]
[BlackElo "2757"]
[TimeControl "180+1"]
[EndTime "14:41:58 PDT"]
[Termination "spicycaterpillar won by checkmate"]

1. e4 e5 2. Nf3 Nc6 3. Bb5 a6 4. Ba4 Nf6 5. O-O b5 6. Bb3 Bb7 7. d3 Be7 8. c3 O-O 9. Nbd2 d5 10. exd5 Nxd5 11. Ne4 h6 12. Re1 Re8 13. Bd2 Qd7 14. a4 Rad8 15. axb5 axb5 16. Qe2 Nf6 17. Bc2 Nxe4 18. dxe4 b4 19. Be3 Qe6 20. h3 Ra8 21. Bd3 Na5 22. Red1 Red8 23. Nd2 Qg6 24. f3 Bc6 25.
Kh2 bxc3 26. bxc3 Bh4 27. Nf1 Nb7 28. Rxa8 Rxa8 29. Bf2 Bxf2 30. Qxf2 Rd8 31. Ne3 Nc5 32. Bc2 Rxd1 33. Nxd1 Ne6 34. Qd2 Nf4 35. Ne3 Qd6 36. Qxd6 cxd6 37. Nf5 Kf8 38. Nxd6 g6 39. Nc4 f6 40.
Ne3 Bb5 41. c4 Ba6 42. Kg1 Ke7 43. Kf2 Kd6 44. h4 Ne6 45. g3 h5 46. Bd3 Nd4 47.
Nd5 Kc5 48. Nxf6 Bxc4 49. Bxc4 Kxc4 50. Nd7 Nc6 51. Ke3 Kc3 52. Nf8 Ne7 53. f4 exf4+ 54.
gxf4 Kc4 55. Ne6 Kb5 56. Nd8 Kc5 57. Nf7 Kc4 58. Ne5+ Kc5 59. Nd3+ Kd6 60. Kd4 Nc6+ 61. Kc4 Ne7 62. Ne1 Ke6 63. Nf3 Nc8 64. Nd4+ Kf6 65. e5+ Ke7 66. Kc5 Kd7 67. e6+ Ke7 68. Kc6 Nd6 69.
Kd5 Ne8 70. Ke5 Ng7 71. Nc6+ Ke8 72. Kf6 Nf5 73. Kxg6 Nxh4+ 74. Kg5 Ng2 75. f5 h4 76.
f6 h3 77. f7+ Kf8 78. Kf6 Nf4 79. e7# 1-0

[Event "*** SCC Grand Prix: Titled Tuesday Blitz"]
[Site "Chess.com"]
[Date "2020.08.04"]
[Round "5"]
[White "afgano29"]
[Black "Anton_Demchenko"]
[Result "0-1"]
[WhiteElo "2654"]
[BlackElo "2834"]
[TimeControl "180+1"]
[EndTime "14:41:58 PDT"]
[Termination "Anton_Demchenko won by resignation"]

1. d4 d5 2. c4 dxc4 3. e4 Nf6 4.
e5 Nd5 5. Bxc4 Nb6 6. Bd3 Nc6 7. Ne2 Bg4 8. f3 Bh5 9. Nbc3 e6 10. Be3 Nb4 11. Be4 Bg6 12. O-O Be7 13. Nf4 c6 14.
Qe2 N4d5 15. Nfxd5 Nxd5 16. Nxd5 cxd5 17. Bxg6 hxg6 18. Rfc1 Qd7 19. Rc3 Bd8 20. Rac1 Bb6 21. Bf2 O-O 22. Qc2 f5 23. exf6 Rxf6 24. Rc8+ Rxc8 25. Qxc8+ Qxc8 26. Rxc8+ Rf8 27. Rc2 Kf7 28. Kf1 Ke7 29. Ke2 Kd7 30. Kd3 Rf4 31. Be3 Rh4 32.
h3 Bc7 33. Bf2 Rh8 34. Re2 a6 35. Be1 Rc8 36. Rc2 Re8 37. Bc3 Bd6 38. Re2 Rc8 39.
Rc2 Be7 40. Bd2 Rc6 41. Bf4 Bf6 42. Be3 Rb6 43. Bf2 Rb4 44. Be3 a5 45. Bf2 a4 46.
Be3 Rb6 47. Bf2 Rb5 48. Be3 e5 49. dxe5 Bxe5 50. Bd4 Bxd4 51. Kxd4 Kd6 52. Re2 Rb4+ 53. Kc3 Rc4+ 54. Kd3 Rc1 55. Rf2 b5 56. a3 Rc4 57.
Re2 b4 58. axb4 Rxb4 59. Kc3 Kc5 60. Re8 Rb3+ 61. Kc2 Kd4 62. Re7 Re3 63. Kd2 Rxe7 0-1

[Event "*** SCC Grand Prix: Titled Tuesday Blitz"]
[Site "Chess.com"]
[Date "2020.08.04"]
[Round "5"]
[White "Manukyan_Artak"]
[Black "Cambek64"]
[Result "0-1"]
[WhiteElo "2438"]
[BlackElo "2378"]
[TimeControl "180+1"]
[EndTime "14:42:05 PDT"]
[Termination "Cambek64 won by resignation"]

1. e4 e6 2. d4 d5 3. e5 c5 4. c3 Nc6 5. Nf3 Nge7 6. Bd3 cxd4 7. cxd4 Bd7 8. Nc3 Ng6 9. h4 h6 10. h5 Nge7 11. g4 Qb6 12. Na4 Qc7 13. Bd2 Nc8 14.
Rc1 Nb6 15. Nc5 Nc4 16. Bxc4 Bxc5 17. Bd3 Be7 18. O-O Qb6 19. Be3 O-O-O 20. a3 Kb8 21. b4 Rc8 22. Qb3 a6 23. Rc2 Na5 24. Rxc8+ Rxc8 25.
Qa2 Nc4 26. Rc1 Nxe3 27. Rxc8+ Kxc8 28. fxe3 Bb5 29. Qc2+ Kd7 30. Kf2 Bxd3 31. Qxd3 Qc6 32. Nd2 Qc1 33. b5 Qxa3 34. Qxa3 Bxa3 35. bxa6 bxa6 36.
e4 Bb4 37. Nb3 dxe4 38. Ke3 a5 39. Kxe4 a4 40. Nc1 Kc6 41. Na2 Bd2 42. Kd3 Ba5 43. Kc4 Be1 44. Nc1 Bd2 45. Na2 g6 46. hxg6 fxg6 47.
Kd3 Ba5 48. Ke4 h5 49. gxh5 gxh5 50. d5+ exd5+ 51. Kf5 d4 52. e6 Bd8 53. Ke4 Kc5 54.
Nc1 Kc4 55. Nd3 a3 56. Ne5+ Kc3 57. Nc6 Bh4 58. Nxd4 a2 59. Ne2+ Kb2 60. Nc3 Kxc3 0-1

[Event "*** SCC Grand Prix: Titled Tuesday Blitz"]
[Site "Chess.com"]
[Date "2020.08.04"]
[Round "5"]
[White "Mbneu"]
[Black "Siemba"]
[Result "0-1"]
[WhiteElo "2248"]
[BlackElo "2406"]
[TimeControl "180+1"]
[EndTime "14:42:18 PDT"]
[Termination "Siemba won by resignation"]

1. d4 d5 2. c4 c5 3. e3 Nf6 4. Nc3 cxd4 5. exd4 g6 6. Nf3 Bg7 7. Be2 O-O 8. O-O dxc4 9. Bxc4 Nbd7 10. h3 Nb6 11.
Bb3 Nfd5 12. Ne4 Nc7 13. Re1 Be6 14. Nc5 Bxb3 15. Qxb3 Rb8 16. Bg5 Nbd5 17. Bh4 b6 18. Nd3 Ne6 19. Rad1 Rc8 20. Nde5 Bf6 21. Bxf6 exf6 22.
Ng4 Kg7 23. Ne3 Nef4 24. Nxd5 Qxd5 25. Re7 Qxb3 26. axb3 a5 27. Nd2 Rfe8 28. Rde1 Red8 29. R1e4 Nd5 30. Rb7 Rb8 31. Ra7 f5 32. Re5 Kf6 33.
Nc4 Nf4 34. Ne3 Rxd4 35. Ree7 Ne6 36. Rxf7+ Ke5 37. g3 Rb4 38. Rae7 Rxb3 39. Nc4+ Kd5 40. Ne3+ Kd6 41. Rd7+ Kc6 42. Rde7 Nc5 43. Rf6+ Kb5 44. Nd5 Rxb2 45. Rc7 a4 46. Rcc6 Kc4 47. Nxb6+ Kd4 48. Rfd6+ Ke5 49. Rd5+ Ke4 50. Rdxc5 R2xb6 51. Rc4+ Kd5 52.
Rxb6 Rxb6 53. Rxa4 Ke5 54. Kg2 Kf6 55. Ra7 h6 56. Rh7 h5 57. h4 Rb4 58. Ra7 Rb2 59.
Ra6+ Kg7 60. Ra7+ Kh6 61. Ra6 Rc2 62. Ra5 Rc3 63. Ra6 Rc5 64. Ra4 Rc6 65. Rf4 Kg7 66. Rf3 Kf6 67. Rf4 Ke5 68. Rf3 Rc4 69. Rf4 Rxf4 70. gxf4+ Kxf4 71. Kh2 Kg4 72. Kg2 Kxh4 73. Kf3 Kg5 74. Kg2 Kf4 0-1

[Event "*** SCC Grand Prix: Titled Tuesday Blitz"]
[Site "Chess.com"]
[Date "2020.08.04"]
[Round "5"]
[White "Artur0208"]
[Black "Eternauta2400"]
[Result "1/2-1/2"]
[WhiteElo "2774"]
[BlackElo "2526"]
[TimeControl "180+1"]
[EndTime "14:42:28 PDT"]
[Termination "Game drawn - insufficient material"]

1. d4 Nf6 2. c4 e6 3. Nf3 d5 4. Nc3 Bb4 5. Qa4+ Nc6 6. e3 O-O 7. Qc2 dxc4 8. Bxc4 a6 9. O-O Bd6 10. Rd1 Qe7 11. Be2 e5 12. dxe5 Nxe5 13. Nd4 g6 14. h3 c5 15. Nf3 b5 16. b3 Bb7 17. Ne1 Rac8 18. e4 Nc6 19. Be3 Nd4 20. Qd3 Nxe4 21. Bxd4 cxd4 22. Nxe4 Qxe4 23. Qxe4 Bxe4 24. Bf3 Bxf3 25. Nxf3 Rfd8 26. Rxd4 Bc5 27. Rxd8+ Rxd8 28. Rc1 Rd5 29. Kf1 f6 30. Ke2 Kf7 31. Ne1 Re5+ 32. Kf1 Rd5 33. Ke2 Ke6 34. Nd3 Kd6 35. b4 Bb6 36.
Rc8 h5 37. Ra8 Rd4 38. Rxa6 Kc7 39. Ra8 Rc4 40. Kd2 Bd4 41. a3 Bc3+ 42. Kd1 Bd4 43. Ra6 Rc3 44. Kd2 Rc4 45. f3 Bc3+ 46. Ke2 Bd4 47. Kd1 g5 48. g4 h4 49. Kd2 Bc3+ 50. Ke2 Bd4 51. f4 Rc2+ 52. Kf3 Rh2 53. Ke4 Bb6 54.
Ra8 Rxh3 55. Nc5 Bxc5 56. bxc5 Rg3 57. Kf5 h3 58. fxg5 fxg5 59. Kxg5 Kc6 60. Kf4 Rg2 61. Rc8+ Kd5 62. Rh8 h2 63. Rh5+ Kc6 64. Kf3 Ra2 65.
Kf4 Rxa3 66. Rxh2 Kxc5 67. g5 b4 68. g6 Ra8 69. Rc2+ Kd4 70. Rc7 b3 71. g7 Rg8 72.
Kf5 b2 73. Rb7 Kc3 74. Kf6 Kc2 75. Rc7+ Kd1 76. Rd7+ Kc1 77. Rc7+ Kd1 78. Rb7 Kc1 79.
Kg6 b1=Q+ 80. Rxb1+ Kxb1 81. Kh7 Rxg7+ 82. Kxg7 1/2-1/2

[Event "*** SCC Grand Prix: Titled Tuesday Blitz"]
[Site "Chess.com"]
[Date "2020.08.04"]
[Round "5"]
[White "Ural_bogatyr"]
[Black "SilviusTiberius"]
[Result "0-1"]
[WhiteElo "2364"]
[BlackElo "2509"]
[TimeControl "180+1"]
[EndTime "14:42:29 PDT"]
[Termination "SilviusTiberius won on time"]

1. d4 Nf6 2. Bf4 g6 3. e3 Bg7 4. Nf3 d6 5. h3 O-O 6. Be2 Nc6 7. O-O e5 8. dxe5 Ne4 9. exd6 Bxb2 10. Nbd2 Nc3 11.
Qe1 Bxa1 12. dxc7 Qe7 13. Bc4 Be6 14. Bxe6 fxe6 15. Qxa1 Ne2+ 16. Kh1 Nxf4 17. exf4 Rxf4 18. Re1 Qxc7 19. Rxe6 Raf8 20. Qc3 Qg7 21. Qb3 Kh8 22.
Qe3 Qa1+ 23. Kh2 Qxa2 24. Qc3+ Kg8 25. Nb3 Qa3 26. Qd3 Qb4 27. Rxg6+ Kh8 28. Rg3 Qe7 29. Qc3+ Qf6 30. Qd3 b6 31. Nbd2 Ne5 32. Nxe5 Qxe5 33.
Nf3 Qc7 34. Qe3 R4f6 35. h4 Rg6 36. Kh3 Rxg3+ 37. fxg3 Qd7+ 38. Kh2 Qg7 39. Ng5 Qg6 40. Qe5+ Kg8 41. Qd5+ Kg7 42. Qe5+ Qf6 43. Ne6+ Kg8 44.
Qd5 Re8 45. Ng5+ Kg7 46. Qd7+ Re7 47. Qg4 h5 48. Qxh5 Qg6 49. Qg4 b5 50. Qd4+ Kf8 51. Qd8+ Re8 52. Qd4 Qg7 53. Qf4+ Kg8 54. Qg4 b4 55.
Qh5 Rf8 56. Qg4 Qg6 57. Qxb4 Rf5 58. Qb3+ Kg7 59. Qb7+ Kh6 60. Qc8 Rxg5 61. hxg5+ Kxg5 62. Qh3 Qxc2 63. Qh4+ Kg6 64. Qf4 Qa2 65. Qd6+ Kg7 66. Qe7+ Kg6 67. Qd6+ Kf5 68. Qf4+ Kg6 69. g4 Qf7 70.
Qd6+ Kg5 71. Qg3 Qh7+ 72. Kg1 Qb1+ 73. Kh2 Qh7+ 74. Kg1 Qe7 75. Qf3 Qe1+ 76. Kh2 Qh4+ 77. Kg1 Qe1+ 78. Kh2 Qe5+ 79. Kg1 a5 0-1

[Event "*** SCC Grand Prix: Titled Tuesday Blitz"]
[Site "Chess.com"]
[Date "2020.08.04"]
[Round "5"]
[White "Andreikka"]
[Black "ArjunErigaisi2003"]
[Result "1-0"]
[WhiteElo "2859"]
[BlackElo "3039"]
[TimeControl "180+1"]
[EndTime "14:42:37 PDT"]
[Termination "Andreikka won by resignation"]

1. c4 e6 2. Nc3 d5 3. d4 a6 4. cxd5 exd5 5. Qb3 Nf6 6. Bg5 c6 7. e3 Be7 8. Bd3 O-O 9. Nf3 b5 10. Qc2 h6 11. Bh4 Be6 12. Ne2 Nbd7 13. O-O Rc8 14. Nf4 c5 15. Nxe6 fxe6 16. dxc5 Nxc5 17. Bg6 Nfe4 18. Bxe7 Qxe7 19. Rac1 Nd6 20. Qe2 Qf6 21. Bb1 Nce4 22. Bd3 g5 23. Rxc8 Rxc8 24. Nd4 Nc5 25. Bb1 e5 26. Nc2 d4 27. exd4 exd4 28. Nb4 Kg7 29. Nd5 Qe6 30. Qxe6 Nxe6 31. Re1 a5 32. g3 Re8 33. Bd3 b4 34. Rc1 Rc8 35. Rxc8 Nxc8 36. Kf1 Nc5 37. Ke2 Nd6 38. Nc7 Kf6 39. Bc2 a4 40. b3 a3 41. Nd5+ Ke5 42. Nxb4 Nde4 43. Nc6+ Kd5 44. Nb4+ Ke5 45. f3 Nc3+ 46. Kd2 h5 47.
Bd3 h4 48. Bc4 hxg3 49. hxg3 g4 50. fxg4 N3e4+ 51. Kc2 Nxg3 52. g5 Kf5 53. Nc6 Ke4 54. g6 Nf5 55. Nb4 Ng7 56. Nd3 Nd7 57. b4 Kf5 58.
Bf7 Ke4 59. b5 Nb6 60. Nc5+ Ke3 61. Kb3 d3 62. Kxa3 d2 63. Bb3 Kd4 64. Na4 Nc4+ 65.
Kb4 Ne5 66. Nb2 Nxg6 67. a4 Ne5 68. a5 Nf5 69. a6 Nd7 70. a7 Nb6 71. Ka5 Na8 72.
b6 Ne7 73. b7 Nc6+ 74. Ka6 Nc7+ 75. Kb6 Nxa7 76. Kxc7 Kc3 77. Nd1+ Kxb3 78. b8=Q+ Kc2 79.
Ne3+ Kd3 80. Qb3+ Ke2 81. Kd6 Nb5+ 82. Qxb5+ Kxe3 83. Qf1 1-0

[Event "*** SCC Grand Prix: Titled Tuesday Blitz"]
[Site "Chess.com"]
[Date "2020.08.04"]
[Round "5"]
[White "Shushik"]
[Black "elcandado"]
[Result "0-1"]
[WhiteElo "2284"]
[BlackElo "2582"]
[TimeControl "180+1"]
[EndTime "14:42:51 PDT"]
[Termination "elcandado won on time"]

1. e4 e5 2. Nf3 Nc6 3. Bc4 Bc5 4. c3 Nf6 5. d4 exd4 6. e5 d5 7. Bb5 Ne4 8. cxd4 Bb6 9. Nc3 O-O 10.
Be3 Bg4 11. h3 Bh5 12. Qa4 Ne7 13. Bd3 f5 14. exf6 Nxf6 15. Ne5 c6 16. O-O Bc7 17. Qc2 c5 18. Be2 Bxe2 19. Qxe2 Nf5 20. Nf3 c4 21. Bg5 Qd7 22. Rfe1 Rae8 23. Qc2 a6 24. a4 Rxe1+ 25. Rxe1 h6 26. Bxf6 Rxf6 27. Ne5 Qd6 28.
Qd2 Re6 29. Nf3 Rxe1+ 30. Qxe1 Bb6 31. Qd2 Qe6 32. Kf1 Ba5 33. Qe2 Qxe2+ 34. Kxe2 Bxc3 35. bxc3 Kf7 36. Ne5+ Ke6 37. Ng6 Ne7 38. Nf4+ Kd6 39.
Nh5 g6 40. Nf6 b5 41. axb5 axb5 42. Kd2 h5 43. Nh7 Nc6 44. Ng5 b4 45. cxb4 Nxd4 46. Nf7+ Ke6 47. Ng5+ Ke7 48. Kc3 Nb5+ 49. Kd2 d4 50.
Nf3 Kd6 51. g4 hxg4 52. hxg4 Kd5 53. Nh4 c3+ 54. Kd3 Na3 55. Nxg6 c2 56. Kd2 Kc4 57. Ne5+ Kb3 58. Nd3 Nc4+ 59. Kc1 Kc3 60. Ne1 d3 61. Nxd3 Kxd3 62. g5 Nd2 63. g6 Nb3+ 64. Kb2 c1=Q+ 65. Kxb3 Qc3+ 66. Ka4 Qg7 67. b5 Kc4 68. b6 Kc5 69. Ka5 Kc6 70. Ka6 Qb7+ 71. Ka5 Qxb6+ 72. Ka4 Qb7 73.
Ka3 Qg7 74. Ka2 Qxg6 75. Kb2 Qd3 0-1

[Event "*** SCC Grand Prix: Titled Tuesday Blitz"]
[Site "Chess.com"]
[Date "2020.08.04"]
[Round "5"]
[White "BernardoRoselli"]
[Black "Shield12"]
[Result "1/2-1/2"]
[WhiteElo "2473"]
[BlackElo "2831"]
[TimeControl "180+1"]
[EndTime "14:43:04 PDT"]
[Termination "Game drawn by repetition"]

1. d4 Nf6 2. c4 e6 3. Nf3 b6 4. a3 Bb7 5. Nc3 Ne4 6. Bd2 g6 7. e3 Bg7 8. Nxe4 Bxe4 9. Bc3 d6 10.
Be2 Nd7 11. O-O O-O 12. b4 Qe7 13. Qd2 f5 14. Qb2 Nf6 15. Rac1 Bb7 16. Nd2 Rae8 17.
a4 g5 18. a5 g4 19. axb6 axb6 20. Ra1 Ra8 21. Rxa8 Rxa8 22. Ra1 Qe8 23. d5 e5 24. Bd3 Rxa1+ 25. Qxa1 Qc8 26. Qa7 e4 27. Bf1 Nd7 28. Bxg7 Kxg7 29. Nb3 Ne5 30. Nd4 Kf6 31. Ne6 Ke7 32. b5 Kd7 33. Nd4 Ke7 34. Nxf5+ Qxf5 35.
Qxb7 Kd7 36. Qa8 Nd3 37. Qa2 Qe5 38. Qd2 Qa1 39. Qe2 h5 40. h3 Ne5 41. hxg4 hxg4 42. Kh2 Kd8 43. Kg1 Kc8 44. Qc2 Nd3 45. Qe2 Ne5 46. Qc2 Nd3 47. f3 gxf3 48. gxf3 Qg7+ 49.
Qg2 Qh6 50. f4 Nc5 51. Qh3+ Qxh3 52. Bxh3+ Kd8 53. Kf2 Ke7 54. Kg3 Kf6 55. Bf1 Kf5 56.
Bh3+ Kf6 57. Kg4 Nd3 58. Bg2 Nc5 59. f5 Nd7 60. Kf4 Ne5 61. Bxe4 Nxc4 62. Bd3 Ne5 63. Be2 Nd7 64. e4 Nf8 65. Bh5 Nh7 66. Be2 Ng5 67.
Bf1 Nf7 68. Be2 Ne5 69. Bf1 Nd7 70. Be2 Nc5 71. Bf1 Nb3 72. Be2 Nd4 73. Bd3 Nb3 74. Bc4 Nc5 75. Be2 Nb7 76. Bf1 Nd8 77. Be2 Nf7 78. Bf1 Ne5 79. Be2 Ke7 80. Bf1 Nd7 81. Be2 Kf6 82. Bf1 Nf8 83. Be2 Nh7 84. Bf1 Ke7 85.
Be2 Nf6 86. Bf1 Nd7 87. Be2 Kf6 88. Bf1 Nc5 89. Be2 Nb3 90. Bf1 Nd4 91. Bd3 Nb3 92. Bf1 Nd2 93. Bd3 Nb3 1/2-1/2

[Event "*** SCC Grand Prix: Titled Tuesday Blitz"]
[Site "Chess.com"]
[Date "2020.08.04"]
[Round "5"]
[White "ClydeHillKid"]
[Black "DryCounty"]
[Result "1/2-1/2"]
[WhiteElo "2312"]
[BlackElo "2595"]
[TimeControl "180+1"]
[EndTime "14:43:06 PDT"]
[Termination "Game drawn - insufficient material"]

1. e4 c5 2. Nf3 d6 3. d4 cxd4 4. Nxd4 Nf6 5. Nc3 Nc6 6. Bc4 e6 7. O-O Be7 8. Be3 a6 9. a4 O-O 10. h3 Qc7 11. Qe2 Bd7 12. Bd3 Rac8 13. f4 Nxd4 14. Bxd4 e5 15. Be3 exf4 16. Rxf4 Be6 17. Raf1 Nd7 18. Nd5 Bxd5 19. exd5 Ne5 20. Bd4 g6 21. c3 Bg5 22. Re4 Rce8 23. Re1 Bf6 24. Qf2 Bg7 25. Bf1 f5 26. R4e3 Qf7 27. b3 Kh8 28. c4 Nd7 29. Rxe8 Rxe8 30. Be3 f4 31.
Bd2 Rxe1 32. Qxe1 Ne5 33. Qe4 f3 34. Bf4 f2+ 35. Kh2 h6 36. Bg3 Qf6 37. Qe3 Nf7 38.
Qxf2 Qxf2 39. Bxf2 Be5+ 40. g3 Kg7 41. c5 dxc5 42.
Bxc5 Kf6 43. Bc4 Bd6 44. Bd4+ Kf5 45. Bd3+ Kg5 46. h4+ Kg4 47. Be2+ Kf5 48. Bf3 g5 49. Kh3 gxh4 50. Kxh4 Be7+ 51. Kh3 Bf6 52. g4+ Kg5 53. Be3+ Kg6 54. Be4+ Kg7 55. Kg3 Be5+ 56. Bf4 Bxf4+ 57. Kxf4 Kf6 58. Bd3 Nd6 59. a5 Nf7 60. Bf5 Nd6 61.
Be6 Nb5 62. b4 Ke7 63. g5 hxg5+ 64. Kxg5 Kd6 65. Kf4 Nc7 66. Ke3 Ke7 67. Kd4 Kd6 68. Kc4 Nb5 69. Kd3 Kc7 70. Kc4 Nd6+ 71. Kc5 Ne4+ 72.
Kd4 Nf6 73. Ke5 Ne8 74. Bf7 Nd6 75. Bg6 Nb5 76. Bd3 Nd6 77. Bc2 Nc4+ 78. Kd4 Nd6 79. Kc5 Nf7 80. Bf5 Nd6 81. Be6 Ne4+ 82. Kd4 Nd6 83.
Ke5 Nc4+ 84. Kd4 Nd6 85. Ke5 Ne8 86. Bf7 Nd6 87. Bg6 Nb5 88. Ke6 Nd4+ 89. Ke7 Nb5 90.
Bd3 Nd6 91. Be2 Nf5+ 92. Ke8 Kd6 93. Kd8 Nd4 94. Bc4 Nc2 95. Kc8 Nxb4 96. Kxb7 Kc5 97. Bxa6 Nxd5 98. Be2 Nb4 99. Bf1 Kd4 100. Be2 Kc5 101. Bf1 Kd4 102. Kb6 Kc3 103. Bg2 Kd4 104. Kb5 Kc3 105. Bf3 Kb3 106. Bd1+ Ka3 107. Bc2 Nd5 108. a6 Nc7+ 109.
Kb6 Nxa6 1/2-1/2

[Event "*** SCC Grand Prix: Titled Tuesday Blitz"]
[Site "Chess.com"]
[Date "2020.08.04"]
[Round "5"]
[White "Bigfish1995"]
[Black "German_Bazeev"]
[Result "1/2-1/2"]
[WhiteElo "2977"]
[BlackElo "2741"]
[TimeControl "180+1"]
[EndTime "14:43:08 PDT"]
[Termination "Game drawn by repetition"]

1. d4 Nf6 2. Bf4 g6 3. Nf3 Bg7 4. e3 O-O 5. Be2 d6 6. O-O Nc6 7. Nc3 Nd7 8. d5 Nce5 9. Nd4 c5 10. dxc6 bxc6 11. Bg3 c5 12. Nb3 Nb6 13. Na5 Be6 14.
f4 Nec4 15. Nxc4 Nxc4 16. Qc1 Rb8 17. f5 gxf5 18. Bxc4 Bxc4 19. Rxf5 Be6 20. Rg5 h6 21. Rxg7+ Kxg7 22. b3 f6 23. e4 Qe8 24. Ne2 Bf7 25. Qe3 Qd7 26. Rf1 Rg8 27. e5 dxe5 28. Bxe5 Rb6 29. Bf4 h5 30. c4 Kh7 31. Ng3 Qd4 32.
Nf5 Qxe3+ 33. Bxe3 Re6 34. Bxc5 Re2 35. Rf2 Re1+ 36. Rf1 Re2 37. g3 Rd8 38. Rf2 Rd1+ 39.
Kg2 Rxf2+ 40. Bxf2 Rd2 41. a4 Bg6 42. Nxe7 Be4+ 43.
Kf1 Bf3 44. Bxa7 Rb2 45. Bd4 Rxb3 46. Bxf6 Ra3 47. Kf2 Bb7 48. Bh4 Ra2+ 49. Ke3 Rxa4 50. Kd3 Ba6 51. Nf5 Bxc4+ 52. Ke3 Bf7 53. Nd6 Ra3+ 54. Kd4 Bg6 55. Ke5 Re3+ 56. Kf6 Rf3+ 57. Ke5 Rf2 58. h3 Re2+ 59. Kf6 Rf2+ 60. Ke5 Ra2 61.
Nc4 Ra4 62. Nb6 Ra6 63. Nd5 Kg7 64. Nf4 Ra5+ 65. Kd6 Ra6+ 66. Ke7 Bf7 67. Bg5 Ra7+ 68. Kd6 Ra6+ 69. Ke7 Ra3 70. Bf6+ Kg8 71. Bh4 Ra7+ 72. Kf6 Ra6+ 73. Kg5 Kg7 74. Nxh5+ Bxh5 75. Kxh5 Ra5+ 76. Bg5 Kf7 77. Kh6 Ra6+ 78. Kh7 Ra3 79. Bf4 Kf6 80.
h4 Kf5 81. h5 Ra7+ 82. Kg8 Ra8+ 83. Kg7 Ra7+ 84. Kf8 Ra8+ 85. Ke7 Ra7+ 86. Kd8 Ra8+ 87. Kc7 Ra7+ 88. Kb6 Rh7 89. h6 Kg6 90. Kc5 Ra7 91.
Kd6 Ra6+ 92. Kd5 Ra5+ 93. Kc4 Ra6 94. Kb5 Re6 95. Kc5 Re1 96. Kd4 Re8 97. Kd3 Rd8+ 98. Ke4 Re8+ 99. Kf3 Re7 100. Kg4 Re8 101. Kf3 Re7 102. Kg4 Re8 103. Bg5 Re4+ 104. Bf4 Re8 1/2-1/2

[Event "*** SCC Grand Prix: Titled Tuesday Blitz"]
[Site "Chess.com"]
[Date "2020.08.04"]
[Round "5"]
[White "tan275"]
[Black "JMatias"]
[Result "1-0"]
[WhiteElo "2244"]
[BlackElo "2396"]
[TimeControl "180+1"]
[EndTime "14:43:10 PDT"]
[Termination "tan275 won by resignation"]

1. d4 Nf6 2. c4 e6 3. g3 d5 4. Nf3 Bb4+ 5. Bd2 a5 6. Bg2 O-O 7. O-O dxc4 8. Qc2 Bxd2 9. Nbxd2 b5 10. a4 c6 11. Rfd1 Na6 12. Ne5 Nb4 13. Nxc6 Nxc2 14. Nxd8 Nxa1 15. Bxa8 Rxd8 16. Rxa1 b4 17. e3 Ba6 18.
Bc6 Rc8 19. Bb5 Bxb5 20. axb5 Nd5 21. Rxa5 c3 22. bxc3 bxc3 23. Nb3 c2 24. Nc1 h5 25. Kf1 Rb8 26. Ke1 Nc3 27. Kd2 Nxb5 28. Kxc2 Nd6 29. Nd3 g6 30. Ra7 Ne4 31. f3 Rc8+ 32. Kd1 Nc3+ 33. Ke1 Nd5 34. Kd2 Rb8 35. e4 Nb6 36.
Ne5 f6 37. Nxg6 Rd8 38. Ke3 Nc4+ 39. Kd3 Nd6 40. Ne7+ Kf8 41. Ng6+ Kg8 42. Ne7+ Kf8 43. Nc6 Rc8 44. d5 exd5 45. exd5 Re8 46. Rd7 Nf5 47.
Rd8 Rxd8 48. Nxd8 Ke7 49. Ne6 Kd6 50. Ke4 Ne7 51. Nf4 f5+ 52. Kd4 h4 53. gxh4 Ng8 54. h5 Nh6 55. h3 Nf7 56. h4 Nh6 57. Ne2 Nf7 58. Ng3 f4 59. Ne2 Kd7 60. Nxf4 Nh6 61. Ke4 Kd6 62. Ng6 Nf7 63. f4 Nh6 64. f5 Kd7 65.
Nf4 Ke7 66. Ke5 Ng4+ 67. Ke4 Nf6+ 68. Kd4 Kd6 69. h6 Nh7 70. Nh5 Ke7 71. f6+ Kf7 72.
Ke5 Kg6 73. Nf4+ Kf7 74. d6 Nxf6 75. h7 Nd7+ 76. Kd5 Kg7 77. Kc6 Ne5+ 78. Kc7 Kxh7 79. d7 Nf7 80. d8=Q Nxd8 81. Kxd8 Kg7 82. h5 Kf6 83.
Kd7 Kg5 84. Kd6 Kf6 85. Kd5 Kf5 86. Kd6 Kf6 87. Kd7 Kf7 88. Nh3 Kf6 89. Ke8 Kg7 90.
Nf4 Kf6 91. Kf8 Kg5 92. Kg7 Kf5 93. h6 1-0

[Event "*** SCC Grand Prix: Titled Tuesday Blitz"]
[Site "Chess.com"]
[Date "2020.08.04"]
[Round "6"]
[White "louis198"]
[Black "ClydeHillKid"]
[Result "1-0"]
[WhiteElo "2508"]
[BlackElo "2308"]
[TimeControl "180+1"]
[EndTime "14:45:55 PDT"]
[Termination "louis198 won by resignation"]

1. d4 d5 2. c4 e6 3. Nc3 Nf6 4. Nf3 c6 5. Bg5 Nbd7 6. e3 Qa5 7. Bxf6 Nxf6 8. Nd2 Bd6 9. Bd3 O-O 10. O-O e5 11. cxd5 exd4 12. Nb3 Qc7 13. Nxd4 Bxh2+ 14. Kh1 Nxd5 15.
Nxd5 cxd5 16. Qh5 h6 17. Qxh2 Qe7 18. Rac1 Be6 19. Rc7 Qf6 20. Rxb7 a5 21. Rc1 a4 22. Rcc7 Qxf2 23. Qf4 Qe1+ 24. Kh2 Rae8 25. Nxe6 Rxe6 26. Rxf7 1-0

[Event "*** SCC Grand Prix: Titled Tuesday Blitz"]
[Site "Chess.com"]
[Date "2020.08.04"]
[Round "6"]
[White "aljado"]
[Black "Shushik"]
[Result "1-0"]
[WhiteElo "2133"]
[BlackElo "2273"]
[TimeControl "180+1"]
[EndTime "14:46:01 PDT"]
[Termination "aljado won by resignation"]

1. e4 e5 2. Nf3 Nc6 3. Bb5 Nf6 4.
d3 d6 5. O-O a6 6. Ba4 b5 7. Bb3 Na5 8. Nc3 c5 9. Nd5 Nxb3 10.
axb3 Nxd5 11. exd5 Be7 12. c4 b4 13. Be3 f5 14. Re1 g5 15. Nxg5 Bxg5 16. Qh5+ Kd7 17. Bxg5 Qf8 18. Qh6 Qe8 19. Qg7+ 1-0

[Event "*** SCC Grand Prix: Titled Tuesday Blitz"]
[Site "Chess.com"]
[Date "2020.08.04"]
[Round "6"]
[White "AGW2016"]
[Black "ChessArchitect64"]
[Result "1-0"]
[WhiteElo "2428"]
[BlackElo "1889"]
[TimeControl "180+1"]
[EndTime "14:46:08 PDT"]
[Termination "AGW2016 won by resignation"]

1. d4 Nf6 2. c4 g6 3. Nc3 Bg7 4.
e4 O-O 5. Nf3 d6 6. Be2 e5 7. O-O Nc6 8. d5 Ne7 9. Ne1 Nd7 10. Be3 f5 11. f3 Nf6 12. Rc1 Rf7 13. c5 Bf8 14. cxd6 cxd6 15. Nb5 f4 16. Bf2 g5 17.
Nc7 Rb8 18. Bxa7 Bd7 19. Ne6 Bxe6 20. dxe6 Rg7 21. Bxb8 Qxb8 22. Nd3 g4 23. Qc2 Qe8 24.
Nb4 Qh5 25. fxg4 Nxg4 26. h3 f3 27. Bxf3 Qxh3 28. gxh3 Ne3+ 29. Kh2 Nxc2 30. Rxc2 1-0

[Event "*** SCC Grand Prix: Titled Tuesday Blitz"]
[Site "Chess.com"]
[Date "2020.08.04"]
[Round "6"]
[White "davidkalashian"]
[Black "Tactictic"]
[Result "1-0"]
[WhiteElo "2568"]
[BlackElo "2385"]
[TimeControl "180+1"]
[EndTime "14:46:09 PDT"]
[Termination "davidkalashian won by resignation"]

1. e4 c5 2. Nc3 Nc6 3. Nf3 e5 4. Bc4 Nf6 5. d3 Be7 6. Nd2 O-O 7. Nf1 d6 8. Ne3 Be6 9. Ncd5 Qd7 10. c3 a6 11. Nb6 Qc7 12. Nxa8 Rxa8 13. a4 Na5 14. Bd5 Bxd5 15. Nxd5 Nxd5 16. exd5 c4 17. O-O Qc5 18.
dxc4 Qxc4 19. Be3 f5 20. b4 1-0

[Event "*** SCC Grand Prix: Titled Tuesday Blitz"]
[Site "Chess.com"]
[Date "2020.08.04"]
[Round "6"]
[White "mapleaff"]
[Black "SamuelGhimpu2003"]
[Result "0-1"]
[WhiteElo "2384"]
[BlackElo "2563"]
[TimeControl "180+1"]
[EndTime "14:46:12 PDT"]
[Termination "SamuelGhimpu2003 won by resignation"]

1. d4 Nf6 2. c4 g6 3. Nc3 d5 4.
Nf3 Bg7 5. h4 dxc4 6. e4 c5 7. d5 b5 8. h5 Nxh5 9. Nxb5 Bg4 10.
Bxc4 Nd7 11. d6 O-O 12. dxe7 Qxe7 13. O-O Rad8 14. Qe2 Ne5 15. Bd5 Rxd5 16. exd5 Nxf3+ 0-1